AoeStats
← [KMNB] Bandeira

Lombardia

509103344Analyzed
2v2 RM · 7d ago on Sep 25, 2026· 27m 22s· 4 players
Game mode
Random Map
Map size
Medium (4 player)
Population
200
Speed
Normal
Resources
Standard
Victory
Conquest
Starting age
Dark Age
Ending age
Imperial Age
RankedLock teamsTeams togetherTeam positionsShared explorationLock speedFull tech treeHidden civsTurbo modeCheats
Victory
Defeat
🇧🇷 Wei · Brazil
1603
+11
🇧🇷 Franks · Brazil
1527
+14
🇨🇱 Saxons · Chile
1550
-15
🇦🇷 Khmer · Argentina
1410
-10
Manolo Lama
6:59 Loom
9:34 Feudal Age
16:48 Scale Barding Armor
24:56 Castle Age
23:54 Forging
23:57 Gold Mining
23:54 Double-Bit Axe
24:12 Horse Collar
[CL] TheCobra
5:59 Loom
11:03 Feudal Age
11:27 Man-at-Arms
12:03 Double-Bit Axe
14:08 Arson
23:20 Castle Age
21:49 Horse Collar
22:01 Town Watch
25:20 Bow Saw
[KMNB] Bandeira
7:03 Loom
9:16 Feudal Age
10:02 Double-Bit Axe
19:15 Forging
23:21 Castle Age
24:57 Iron Casting
24:28 Scale Barding Armor
27:26 Husbandry
Fs.Khronos
3:57 Loom
9:05 Feudal Age
9:32 Double-Bit Axe
12:46 Fletching
23:05 Castle Age
23:28 Wheelbarrow
23:49 Bodkin Arrow
24:23 Padded Archer Armor
25:32 Leather Archer Armor
25:29 Bow Saw
26:02 Bow Saw
26:52 Horse Collar
Connection lost

Rejoining the realm…

Still unreachable

The connection could not be restored.

Session expired

The server has moved on; the page needs a fresh start.